AoeStats
← pere12

Arabia

503731655Analyzed
1v1 RM · 1mo ago on Sep 2, 2026· 59m 14s· 2 players
Game mode
Random Map
Map size
Tiny (2 player)
Population
200
Speed
Normal
Resources
Standard
Victory
Conquest
Starting age
Dark Age
Ending age
Imperial Age
RankedLock teamsTeams togetherTeam positionsShared explorationLock speedFull tech treeHidden civsTurbo modeCheats
Victory
Defeat
🇷🇺 Lithuanians · Russia
465
+17
🇿🇼 Burmese · Zimbabwe
488
-26
pere12
13:58 Feudal Age
12:13 Loom
33:06 Castle Age
32:58 Bloodlines
32:51 Arson
33:15 Pikeman
33:56 Squires
33:46 Horse Collar
34:24 Stone Mining
34:25 Gold Mining
35:02 Scale Barding Armor
35:05 Double-Bit Axe
35:38 Light Cavalry
36:18 Husbandry
38:35 Wheelbarrow
41:23 Heavy Plow
42:59 Chain Barding Armor
44:22 Bow Saw
56:08 Imperial Age
53:54 Hand Cart
57:23 Winged Hussar
Synovus NET
10:57 Feudal Age
11:19 Man-at-Arms
12:00 Horse Collar
23:23 Castle Age
21:20 Gold Mining
22:19 Bloodlines
22:50 Arson
23:16 Scale Barding Armor
23:25 Forging
23:55 Long Swordsman
25:11 Chain Barding Armor
31:36 Pikeman
53:49 Imperial Age
Connection lost

Rejoining the realm…

Still unreachable

The connection could not be restored.

Session expired

The server has moved on; the page needs a fresh start.